 Dungeon Crawl Stone Soup version 0.23-a0-480-g1869896 (webtiles) character file.

1789 nikopol the Thaumaturge (level 8, -3/42 HPs)
             Began as a Deep Elf Fire Elementalist on Nov 28, 2018.
             Slain by a two-headed ogre
             ... wielding a +0 giant spiked club
              (11 damage)
             ... on level 8 of the Dungeon.
             The game lasted 00:16:56 (6922 turns).

nikopol the Thaumaturge (DEFE)                      Turns: 6922, Time: 00:16:57

Health: -3/42      AC:  2    Str:  5    XL:     8   Next: 82%
Magic:  13/32      EV: 13    Int: 23    God:
Gold:   194        SH:  3    Dex: 15    Spells: 10/25 levels left

rFire    + . .     SeeInvis .   f - staff of fire
rCold    . . .     Gourm    .   C - +0 buckler
rNeg     . . .     Faith    .   a - +0 robe
rPois    .         Spirit   .   (no helmet)
rElec    .         Reflect  .   (no cloak)
rCorr    .         Harm     .   (no gloves)
MR       .....                  (no boots)
Stlth    +++.......             (no amulet)
HPRegen  0.14/turn              h - ring of magical power
MPRegen  0.23/turn              (no ring)

@: very slightly contaminated
A: no striking features
a: no special abilities


You were on level 8 of the Dungeon.
You were not hungry.

You visited 2 branches of the dungeon, and saw 9 of its levels.

You collected 290 gold pieces.
You spent 96 gold pieces at shops.

Inventory:

Armour
 a - a +0 robe (worn)
 C - a +0 buckler (worn)
Magical Staves
 f - an uncursed staff of fire (weapon)
 v - an uncursed staff of power
Jewellery
 h - a ring of magical power (left hand)
Wands
 r - a wand of flame (35)
 w - a wand of enslavement (8)
 z - a wand of iceblast (13)
Scrolls
 b - 2 scrolls of enchant armour {unknown}
 d - 2 scrolls of identify
 g - a scroll of magic mapping {unknown}
 i - 2 scrolls of teleportation {unknown}
 j - 3 scrolls of fog
 k - 2 scrolls of amnesia {unknown}
 o - 2 scrolls of immolation {unknown}
 p - 2 scrolls of remove curse
 s - a scroll of holy word {unknown}
 u - 2 scrolls of fear {unknown}
 y - a scroll of enchant weapon {unknown}
 B - a scroll of summoning {unknown}
Potions
 e - 2 potions of curing
 l - a potion of might
 m - 2 potions of lignification
 n - 3 potions of heal wounds
 q - 2 potions of resistance {unknown}
 t - a potion of cancellation
 x - a potion of magic
 A - a potion of berserk rage
 D - a potion of agility {unknown}
Comestibles
 c - 8 rations


   Skills:
 + Level 0.6 Fighting
 + Level 3.2 Dodging
 + Level 3.9 Stealth
 + Level 9.3 Spellcasting
 + Level 6.2 Conjurations
 + Level 7.8 Fire Magic
 + Level 0.1 Evocations


You had 10 spell levels left.
You knew the following spells:

 Your Spells              Type           Power        Failure   Level  Hunger
a - Flame Tongue          Conj/Fire      #####        1%          1    None
b - Throw Flame           Conj/Fire      ######       1%          2    None
c - Conjure Flame         Conj/Fire      ######..     1%          3    None
d - Sticky Flame          Conj/Fire      ######..     5%          4    ##.....
e - Fireball              Conj/Fire      ######....   16%         5    ####...

Your spell library contained the following spells:

 Spells                   Type           Power        Failure   Level  Hunger
 Inner Flame              Hex/Fire       #####...     6%          3    None


Dungeon Overview and Level Annotations

Branches:
Dungeon (8/15)             Temple (1/1) D:4
   Lair: D:8-11

Altars:
Ashenzari
Cheibriados
Dithmenos
Elyvilon
Fedhas
Gozag
Hepliaklqana
Makhleb
Nemelex Xobeh
Okawaru
Qazlal
Ru
Trog
Uskayaw
Wu Jian
Xom
Yredelemnul
Zin
The Shining One

Shops:
D:6 !


Message History

Confirm with . or Enter, or press ? or * to list all spells.
Aiming: Sticky Flame (safe; 5% risk of failure)
Press: ? - help, Shift-Dir - straight line, f/p - two-headed ogre
Aim: a two-headed ogre, wielding two +0 giant spiked clubs (heavily wounded)
You feel a surge of power!
You miscast Sticky Flame.
You are very lightly contaminated with residual magic.
You feel a strange surge of energy!
Okay, then.
Casting: Sticky Flame (safe; 5% risk of failure)
Confirm with . or Enter, or press ? or * to list all spells.
Aiming: Sticky Flame (safe; 5% risk of failure)
Press: ? - help, Shift-Dir - straight line, f/p - two-headed ogre
Aim: a two-headed ogre, wielding two +0 giant spiked clubs (heavily wounded)
You feel a surge of power!
The sticky flame hits the two-headed ogre.
The two-headed ogre is severely wounded.
The two-headed ogre is covered in liquid flames!
The two-headed ogre burns!
The two-headed ogre hits you with a +0 giant spiked club!
You die...

..# #.# #.# #.# #.# #.#
###.# #.#
##.#.########.###
.##.#####.#..............
#.......##............###
#O##.#.##########
#.@..#.# ####.#.# #.#.#
#.#.# ....# ###


You could see a two-headed ogre (burning).

Vanquished Creatures
  2 orc warriors (D:6)
  2 ice beasts
  A black bear (D:6)
  A sky beast (D:7)
  A phantom (D:4)
  3 ogres
  A scorpion (D:4)
  A howler monkey (D:5)
  2 electric eels (D:6)
  A crimson imp (D:7)
  A jelly (D:6)
  A quasit (D:5)
  2 bullfrog zombies
  A hound (D:7)
  4 orc wizards
  2 orc priests
  2 bullfrog skeletons
  3 worker ants
  A hound skeleton (D:4)
  10 adders
  3 gnolls (D:4)
  A shadow imp (D:6)
  An ooze (D:2)
  3 worms
  8 leopard geckos
  18 orcs
  4 giant cockroaches
  7 goblins
  A hobgoblin (D:3)
  4 jackals (D:5)
  2 quokkas
  A ball python (D:3)
  7 bats
  5 frilled lizards
  7 kobolds
  A leopard gecko zombie (D:6)
  A quokka skeleton (D:5)
  10 rats
126 creatures vanquished.

Notes
Turn   | Place    | Note
-------+----------+-------------------------------------------
     0 | D:1      | nikopol the Deep Elf Fire Elementalist began the quest for
                  | the Orb.
     0 | D:1      | Reached XP level 1. HP: 10/10 MP: 6/6
   229 | D:1      | Reached XP level 2. HP: 15/15 MP: 5/8
  1071 | D:2      | Reached XP level 3. HP: 13/19 MP: 2/9
  1075 | D:2      | Learned a level 2 spell: Throw Flame
  1079 | D:2      | Learned a level 3 spell: Conjure Flame
  1365 | D:2      | Found a faded altar of an unknown god.
  1370 | D:2      | Found a hide-covered altar of Uskayaw.
  1426 | D:2      | Found a basalt altar of Yredelemnul.
  1644 | D:3      | Reached XP level 4. HP: 24/24 MP: 4/11
  1770 | D:3      | Reached skill level 4 in Spellcasting
  2280 | D:4      | Reached XP level 5. HP: 28/28 MP: 14/14
  2285 | D:4      | Noticed a phantom
  2301 | D:4      | Learned a level 4 spell: Sticky Flame
  2306 | D:4      | Killed a phantom
  2306 | D:4      | Reached skill level 5 in Spellcasting
  2334 | D:4      | Reached skill level 5 in Fire Magic
  2519 | D:4      | Found a staircase to the Ecumenical Temple.
  2530 | Temple   | Entered the Ecumenical Temple
  2683 | D:4      | Reached XP level 6. HP: 13/32 MP: 16/16
  2809 | D:4      | Learned a level 5 spell: Fireball
  2871 | D:4      | Found a sparkling altar of Nemelex Xobeh.
  3464 | D:5      | Entered Level 5 of the Dungeon
  3486 | D:5      | Noticed an ice beast
  3492 | D:5      | Killed an ice beast
  3492 | D:5      | Reached skill level 6 in Spellcasting
  3585 | D:5      | Reached XP level 7. HP: 36/36 MP: 18/18
  4345 | D:5      | Found a burning altar of Makhleb.
  4412 | D:6      | Found a bloodstained altar of Trog.
  4412 | D:6      | Found a sacrificial altar of Ru.
  4414 | D:6      | Found a shimmering altar of Xom.
  4416 | D:6      | Found a stormy altar of Qazlal.
  4417 | D:6      | Found an ornate altar of the Wu Jian Council.
  4634 | D:6      | Reached skill level 7 in Spellcasting
  4746 | D:6      | Found Ubiexyobb's Distillery.
  4751 | D:6      | Bought a potion of magic for 96 gold pieces
  4801 | D:6      | Reached skill level 5 in Conjurations
  4896 | D:6      | Found an iron altar of Okawaru.
  5001 | D:6      | Reached XP level 8. HP: 34/42 MP: 17/21
  5114 | D:6      | Reached skill level 8 in Spellcasting
  6106 | D:7      | Found a blossoming altar of Fedhas.
  6217 | D:7      | Reached skill level 9 in Spellcasting
  6854 | D:8      | Noticed a troll
  6915 | D:8      | Noticed a two-headed ogre
  6922 | D:8      | Slain by a two-headed ogre

Vault maps used:
D:1:      wander_arrival_chamber, serial_co_window_serial, co_window_paths_a,
          co_window_corner_a, co_window_corner_a, co_window_paths_b,
          co_window_paths_a, co_window_corner_b, co_window_broadway_b,
          co_window_of_opportunity_b, co_window_corner_cb,
          co_window_unsneaky_path_b, co_window_4corner_b, co_window_paths_e,
          glass_columns_c, glass_columns_c, glass_columns_a, glass_columns_c
D:2:      lemuel_doored_altar, lemuel_round_altar,
          chequers_ecumenical_altar_simple_redux
D:3:      minmay_door_square, kennysheep_generic_room_10
D:4:      nemelex_xobeh_ov_fountains_minmay,
          minmay_temple_entry_drinking_statues
D:5:      lightli_temple_of_fire, first_ration
D:6:      lemuel_crystal_altar, grunt_temple_overflow_open, serial_shops,
          kennysheep_little_box, minmay_misc_feat_chi, chequers_big_river
D:7:      basic_altar, grunt_ogre_cave
D:8:      erik_lair_island, minmay_fountain_box, uniq_joseph
Temple:   nicolae_temple_figure_zero

Skill      XL: |  1  2  3  4  5  6  7  8 |
---------------+-------------------------+-----
Fire Magic     | 4 5 6 7 |  7.8
Conjurations   | 2 3 4 5 6 |  6.2
Spellcasting   | 4 5 6 7 9 |  9.3
Stealth        | 3 |  3.9
Dodging        | 3 |  3.2
Fighting       | |  0.6
Evocations     | |  0.1

Action                   |  1- 3 |  4- 6 |  7- 9 || total
-------------------------+-------+-------+-------++-------
Melee: Staff             |       |       |     1 ||     1
 Cast: Flame Tongue      |    66 |    78 |   108 ||   252
       Sticky Flame      |       |     2 |    11 ||    13
       Conjure Flame     |       |     1 |     2 ||     3
       Throw Flame       |       |     1 |    11 ||    12
       Fireball          |       |       |     3 ||     3
Evoke: Wand              |       |       |     3 ||     3
  Use: Scroll            |       |     7 |     4 ||    11
  Eat: Chunk             |     2 |     6 |     6 ||    14
       Ration            |       |       |     2 ||     2
Armor: Robe              |     4 |     4 |     7 ||    15
Dodge: Dodged            |    10 |    10 |    35 ||    55

Table legend:
 A = Non-vault XP
 B = Vault XP
 C = Vault XP percentage of total XP
 D = Non-vault monster count
 E = Vault monster count
 F = Vault count percentage of total count
                 A         B        C        D         E       F
            +---------+---------+-------+---------+---------+-------
      Total |    2441 |     116 |   4.5 |     125 |       1 |   0.8
            +---------+---------+-------+---------+---------+-------
        D:1 |      18 |       0 |   0.0 |      13 |       0 |   0.0
        D:2 |      65 |       0 |   0.0 |      21 |       0 |   0.0
        D:3 |     107 |       0 |   0.0 |      26 |       0 |   0.0
        D:4 |     339 |       0 |   0.0 |       9 |       0 |   0.0
        D:5 |     412 |       0 |   0.0 |      14 |       0 |   0.0
        D:6 |    1022 |       0 |   0.0 |      29 |       0 |   0.0
        D:7 |     430 |     116 |  21.2 |      12 |       1 |   7.7
        D:8 |      48 |       0 |   0.0 |       1 |       0 |   0.0
            +---------+---------+-------+---------+---------+-------
